 Dungeon Crawl Stone Soup version 0.17-a0-1262-gd250d98 (webtiles) character file.

13216 patman the Cruncher (level 11, -6/84 HPs)
             Began as a Mummy Gladiator on June 6, 2015.
             Was a Priest of Trog.
             Mangled by a skeletal warrior
             ... wielding a +0 glaive
              (16 damage)
             ... on level 10 of the Dungeon.
             The game lasted 00:45:51 (12690 turns).

patman the Cruncher (Mummy Gladiator)              Turns: 12690, Time: 00:45:51

Health: -6/84      AC: 17    Str: 19    XL:     11   Next: 72%
Magic:  0/11       EV:  7    Int:  8    God:    Trog [***...]
Gold:   292        SH:  0    Dex: 15    Spells: 0 memorised, 10 levels left

rFire  . . .     SeeInvis .     a - +0 lajatang
rCold  + . .     Clarity  .     j - +0 plate armour
rNeg   + + +     SustAt   .     (no shield)
rPois  ∞         Gourm    .     F - +2 hat
rElec  .         Spirit   +     q - +0 cloak
rCorr  .         Warding  .     (no gloves)
rMut   .         Stasis   .     e - +0 pair of boots
MR     +....                    s - amulet of guardian spirit
Stlth  ..........               k - +3 ring of slaying
                                u - ring of protection from fire

@: somewhat resistant to hostile enchantments, extremely unstealthy
A: no food or potions, fire vulnerability, cold resistance 1, negative energy
resistance 3, torment resistance, unbreathing
a: Burn Spellbooks, Trog's Hand, Renounce Religion


You were on level 10 of the Dungeon.
You worshipped Trog.
Trog was most pleased with you.
You were not hungry.

You visited 2 branches of the dungeon, and saw 11 of its levels.
You also visited: Bailey.

You collected 472 gold pieces.
You spent 180 gold pieces at shops.

Inventory:

Hand weapons
 a - a +0 lajatang (weapon)
 b - a +0 whip of venom
 n - a +0 blowgun
 C - a +0 quarterstaff of flaming
Missiles
 d - 2 throwing nets (quivered)
 o - 45 poisoned needles
Armour
 e - a +0 pair of boots (worn)
 j - a +0 plate armour (worn)
 q - a +0 cloak (worn)
 F - a +2 hat (worn)
Jewellery
 h - an uncursed ring of flight
 k - a +3 ring of slaying (right hand)
 s - an amulet of guardian spirit (around neck)
 t - an uncursed amulet of warding
 u - a ring of protection from fire (left hand)
 x - a +5 ring of dexterity
 z - the ring "Idoum" {+/*Tele rC+}
   (You took it off a goblin on level 7 of the Dungeon)

   [ring of teleportation]

   It may teleport you to nearby monsters, and can be evoked to randomly
   teleport.
   It protects you from cold.
Magical devices
 v - a wand of cold (2)
 w - a wand of polymorph (9)
 y - a wand of slowing (20)
 D - a wand of flame (8)
Scrolls
 f - 4 scrolls of recharging
 g - a scroll of fog
 m - a scroll of enchant weapon
 p - a scroll of remove curse
 r - 2 scrolls of magic mapping
 A - a scroll of torment
 B - 2 scrolls of enchant armour
 E - 4 scrolls of identify
 G - a scroll of amnesia
Books
 i - a Grand Grimoire {highlevel, unknown}

   This book is beyond your current level of understanding.

   Spells                             Type                      Level
   a - Monstrous Menagerie            Summoning                    6
   b - Summon Greater Demon           Summoning                    7
   c - Malign Gateway                 Summoning/Translocation      7
   d - Summon Horrible Things         Summoning                    8
   Trog disapproves of the use of such an item.
 H - a book of Frost

   Spells                             Type                      Level
   a - Freeze                         Ice                          1
   b - Throw Frost                    Conjuration/Ice              2
   c - Ozocubu's Armour               Charms/Ice                   3
   d - Throw Icicle                   Conjuration/Ice              4
   e - Summon Ice Beast               Ice/Summoning                4
   f - Condensation Shield            Ice                          4
   Trog disapproves of the use of such an item.
Miscellaneous
 c - a stone of tremors


   Skills:
 - Level 7.1 Fighting
 * Level 13.4 Staves
 - Level 1.5 Throwing
 - Level 6.0 Armour
 - Level 2.4 Dodging


You had 10 spell levels left.
You didn't know any spells.

Dungeon Overview and Level Annotations

Branches:
Dungeon (10/15)            Temple (0/1) D:7            Lair (1/8) D:9
    Orc: D:9-12

Altars:
Cheibriados
Dithmenos
Nemelex Xobeh
Qazlal
Ru
Sif Muna
Trog
Vehumet
The Shining One

Shops:
D:7 ?

Annotations:
D:10 1 exclusion


Innate Abilities, Weirdness & Mutations

You do not eat or drink.
Your flesh is vulnerable to fire.
You are immune to poison.
Your flesh is cold resistant.
You are immune to negative energy.
You are immune to unholy pain and torment.
You can survive without breathing.


Message History

Your black bear closely misses the skeletal warrior.
Your black bear claws the skeletal warrior but does no damage. x2
Read which item? (? for menu, Esc to quit)
Okay, then.
Unknown command.
Unknown command.
Your black bear barely misses the skeletal warrior.
Your black bear completely misses the skeletal warrior.
Your black bear claws the skeletal warrior but does no damage.
The skeletal warrior barely misses your black bear.
Unknown command.
Your black bear bites the skeletal warrior.
Your black bear claws the skeletal warrior.
Your black bear claws the skeletal warrior but does no damage.
The skeletal warrior hits your black bear with a dire flail!
Your black bear bites the skeletal warrior.
Your black bear claws the skeletal warrior but does no damage.
Your black bear barely misses the skeletal warrior.
The skeletal warrior hits you from afar with a glaive!!
You die...

######### ##........
###########.........
#...................
#...................
#.....Kz............
#....zhz}..#........
#..@...K.......#####
#........z.###.# #
#..........# #..# #
#..........####..###
######....†.# #....
######.######..
#..)......
##.###..### #..#
#...##


You could see 4 skeletal warriors, 2 kobolds and a friendly black bear
(berserk).

Vanquished Creatures
  Gastronok (D:8)
  A hydra (Lair:1)
  The ghost of ohyou the Changer, an experienced DgTm (D:8)
  2 spiny frogs (Lair:1)
  2 komodo dragons
  A two-headed ogre (D:9)
  A troll (D:10)
  10 blink frogs (Lair:1)
  Grinder (D:3)
  Sigmund (D:6)
  A wyvern (D:9)
  9 yaks
  A steam dragon (D:9)
  A hippogriff (D:7)
  A mottled dragon (D:9)
  Menkaure (D:7)
  A water moccasin (Lair:1)
  Duvessa (D:6)
  3 orc warriors (Bailey)
  A porcupine (Lair:1)
  An ice beast (D:9)
  A black bear (D:8)
  A phantom (D:7)
  2 centaurs
  4 ogres
  3 sky beasts
  3 big kobolds (D:10)
  5 giant frogs
  A crocodile (D:9)
  Dowan (D:6)
  2 scorpions
  A killer bee (D:7)
  4 quasits
  9 wights
  5 crimson imps
  A giant frog zombie (D:5)
  A centaur zombie (D:7)
  Ijyb (D:3)
  A giant frog skeleton (D:4)
  8 hounds
  4 jellies
  2 orc priests (D:3)
  7 orc wizards
  Natasha (twice) (D:3)
  4 worker ants
  11 iguanas
  2 sheep (D:10)
  A killer bee zombie (D:9)
  2 hound skeletons
  A worker ant zombie (D:9)
  11 adders
  8 gnolls
  9 river rats (Lair:1)
  3 shadow imps
  3 oozes
  5 worms
  14 giant geckos
  16 orcs
  A ball python (D:1)
  17 bats
  5 giant cockroaches
  17 goblins
  12 hobgoblins
  12 jackals
  5 quokkas
  6 giant newts
  A goblin skeleton (D:7)
  A goblin zombie (D:7)
  A jackal skeleton (D:6)
  A jackal zombie (D:7)
  28 kobolds
  2 kobold skeletons (D:7)
  A kobold zombie (D:7)
  An orc skeleton (D:7)
  2 orc zombies (D:7)
  A quokka zombie (D:5)
  14 rats
329 creatures vanquished.

Vanquished Creatures (collateral kills)
  A spriggan (Lair:1)
1 creature vanquished.

Vanquished Creatures (others)
  2 fungi (Lair:1)
2 creatures vanquished.

Grand Total: 332 creatures vanquished

Notes
Turn   | Place    | Note
--------------------------------------------------------------
     0 | D:1      | patman the Mummy Gladiator began the quest for the Orb.
     0 | D:1      | Reached XP level 1. HP: 16/16 MP: 1/1
    26 | D:1      | Reached XP level 2. HP: 16/22 MP: 2/2
    30 | D:1      | Reached skill level 3 in Staves
   408 | D:1      | Reached XP level 3. HP: 23/27 MP: 3/3
   832 | D:2      | Found a snail-covered altar of Cheibriados.
  1227 | D:2      | Reached skill level 4 in Staves
  1274 | D:2      | Reached XP level 4. HP: 33/33 MP: 4/4
  1671 | D:3      | Found a shadowy altar of Dithmenos.
  1784 | D:3      | Reached XP level 5. HP: 38/38 MP: 5/5
  1949 | D:3      | Noticed Ijyb
  1960 | D:3      | Killed Ijyb
  1960 | D:3      | Reached skill level 5 in Staves
  1972 | D:3      | Noticed Natasha
  1972 | D:3      | Noticed Grinder
  2354 | D:4      | Reached skill level 1 in Armour
  2366 | D:4      | Reached XP level 6. HP: 44/44 MP: 6/6
  3130 | D:5      | Entered Level 5 of the Dungeon
  3391 | D:5      | Found a radiant altar of Vehumet.
  3632 | D:5      | Reached XP level 7. HP: 38/50 MP: 7/7
  4065 | D:5      | Found a bloodstained altar of Trog.
  4073 | D:5      | Became a worshipper of Trog the Wrathful
  4664 | D:3      | Killed Natasha
  4677 | D:3      | Paralysed by Grinder for 7 turns
  4687 | D:3      | Paralysed by Grinder for 3 turns
  4705 | D:3      | Paralysed by Grinder for 7 turns
  4712 | D:3      | Killed Grinder
  4712 | D:3      | Reached skill level 5 in Armour
  4914 | D:3      | Reached skill level 6 in Armour
  4914 | D:3      | Reached XP level 8. HP: 33/56 MP: 3/8
  5019 | D:3      | Noticed Natasha
  5025 | D:3      | Killed Natasha
  5088 | D:5      | Acquired Trog's first power
  5176 | D:6      | Noticed Dowan
  5183 | D:6      | Noticed Duvessa
  5193 | D:7      | Noticed Menkaure
  5209 | D:7      | Killed Menkaure
  5442 | D:6      | Noticed Sigmund
  5463 | D:6      | Killed Sigmund
  5463 | D:6      | Reached skill level 5 in Fighting
  5601 | D:6      | Identified a scroll of acquirement
  5620 | D:6      | Found a sparkling altar of Nemelex Xobeh.
  5854 | D:6      | Killed Duvessa
  5873 | D:6      | Killed Dowan
  5929 | D:6      | Reached skill level 7 in Fighting
  5952 | D:6      | Reached XP level 9. HP: 61/72 MP: 7/9
  6315 | D:7      | Found a glowing golden altar of the Shining One.
  6394 | D:7      | Acquired Trog's second power
  6495 | D:7      | Found a staircase to the Ecumenical Temple.
  6522 | D:7      | Got a heavily runed wooden ring
  6524 | D:7      | Identified the ring "Idoum" {+/*Tele rC+} (You took it off a goblin on level 7 of the Dungeon)
  6604 | D:7      | Found Segeapp's Magic Scroll Shoppe.
  6643 | D:7      | Bought a scroll of torment for 90 gold pieces
  6643 | D:7      | Bought a scroll of enchant armour for 90 gold pieces
  6957 | D:7      | Got a heavily runed scale mail
  6968 | D:7      | Identified the +0 scale mail "Demp" {rPois rN++} (You found it on level 7 of the Dungeon)
  7050 | D:7      | Found a stormy altar of Qazlal.
  7290 | D:7      | Reached skill level 8 in Staves
  7578 | D:8      | Noticed ohyou's ghost (experienced DgTm)
  7597 | D:8      | Killed ohyou's ghost
  7606 | D:8      | Found a deep blue altar of Sif Muna.
  7645 | D:8      | Found a radiant altar of Vehumet.
  7662 | D:8      | Noticed Gastronok
  7736 | D:8      | Killed Gastronok
  7736 | D:8      | Reached skill level 10 in Staves
  7736 | D:8      | Reached XP level 10. HP: 47/79 MP: 7/10
  8008 | D:8      | Found a sacrificial altar of Ru.
  8326 | D:9      | Found a flagged portal.
  8381 | Bailey   | Entered a bailey
  9429 | Bailey   | Found a bloodstained altar of Trog.
  9605 | D:9      | Reached skill level 11 in Staves
  9778 | D:9      | Found a staircase to the Lair.
 10372 | Lair:1   | Entered Level 1 of the Lair of Beasts
 10461 | Lair:1   | Reached XP level 11. HP: 78/84 MP: 11/11
 10581 | Lair:1   | Noticed a four-headed hydra
 10599 | Lair:1   | Killed a five-headed hydra
 10599 | Lair:1   | Acquired Trog's third power
 10599 | Lair:1   | Reached skill level 12 in Staves
 11624 | Lair:1   | Noticed a six-headed hydra
 11820 | Lair:1   | HP: 4/84 [six-headed hydra (7)]
 11829 | Lair:1   | HP: 1/84 [six-headed hydra (4)]
 12247 | Lair:1   | Reached skill level 13 in Staves
 12331 | D:10     | Entered Level 10 of the Dungeon
 12569 | D:10     | Noticed a skeletal warrior
 12570 | D:10     | Noticed a skeletal warrior
 12571 | D:10     | Noticed a skeletal warrior
 12575 | D:10     | Noticed a skeletal warrior
 12578 | D:10     | Noticed a skeletal warrior
 12690 | D:10     | Mangled by a skeletal warrior

Vault maps used:
D:1:      lightli_arrival_lavapool
D:2:      cheibriados_altar_1
D:3:      grunt_dithmenos_smoke_and_mirrors, minmay_misc_feat_room,
          minmay_cut_off, uniq_natasha, uniq_grinder, uniq_iyjb
D:4:      kennysheep_six_static_rooms, first_bread,
          kennysheep_opposing_triangles
D:5:      basic_altar, hex_medium, trog_book
D:6:      lemuel_crystal_altar, uniq_duvessa, uniq_sigmund
D:7:      nicolae_tso_besieged_by_evil, minmay_temple_entry_crystal_x,
          serial_shops, shop, nicolae_qazlal_style_of_elements, uniq_menkaure
D:8:      fiery_altar_vehumet, lemuel_blue_sif_altar,
          nicolae_ru_the_path_less_chosen, uniq_gastronok
D:9:      erik_lair_dragon, enter_bailey_2
D:10:     hangedman_ranch
Bailey:   bailey_axe_3, bailey

Action                   |  1- 3 |  4- 6 |  7- 9 | 10-12 || total
-------------------------+-------+-------+-------+-------++-------
Melee: Quarterstaff      |   157 |   111 |   319 |   135 ||   722
       Whip              |       |    85 |   207 |    85 ||   377
       Lajatang          |       |       |       |   336 ||   336
 Fire: Blowgun           |       |       |    14 |       ||    14
Throw: Throwing net      |       |       |     1 |       ||     1
Invok: Brothers in Arms  |       |       |       |     4 ||     4
       Trog's Hand       |       |       |       |     2 ||     2
 Abil: Evoke Flight      |       |       |       |     2 ||     2
Evoke: Wand              |       |       |     1 |     9 ||    10
  Use: Scroll            |       |     5 |     7 |    10 ||    22
 Stab: Held in net/web   |       |       |     2 |       ||     2
       Distracted        |       |       |       |     1 ||     1
